 Dungeon Crawl Stone Soup version 0.27-a0-287-gd4424db430 (webtiles) character file.

Game seed: 5215171597967236333

180 runemasterragnar the Conjurer (level 5, -2/61 HPs)
             Began as a Draconian Conjurer on Feb 9, 2021.
             Killed by nerve-wracking pain
             ... invoked by an orc priest
              (10 damage)
             ... on level 3 of the Dungeon.
             The game lasted 00:03:44 (3259 turns).

runemasterragnar the Conjurer (Draconian Conjurer)  Turns: 3259, Time: 00:03:45

Health: -2/61      AC:  5    Str:  9    XL:     5   Next: 33%
Magic:  9/9        EV: 12    Int: 19    God:
Gold:   160        SH:  0    Dex: 10    Spells: 3/9 levels left

rFire    . . .     SeeInvis .   d - +2 dagger (venom)
rCold    . . .     Faith    .   (no shield)
rNeg     . . .     Spirit   .   (armour unavailable)
rPois    .         Reflect  .   (helmet restricted)
rElec    .         Harm     .   (no cloak)
rCorr    .         Rampage  .   (no gloves)
Will     .....                  (no boots)
Stlth    ..........             (no amulet)
HPRegen  0.20/turn              (no ring)
MPRegen  0.11/turn              (no ring)

@: berserking, very quick
A: unfitting armour, cold-blooded, AC +5
a: no special abilities


You were on level 3 of the Dungeon.
You visited 1 branch of the dungeon, and saw 4 of its levels.

You collected 160 gold pieces.

Inventory:

Hand Weapons
 d - a +2 dagger of venom (weapon)
Missiles
 f - 6 curare-tipped darts
Armour
 e - a scarf of shadows
Jewellery
 b - an uncursed ring of ice
Wands
 n - a wand of random effects (14)
Scrolls
 c - a scroll of immolation {unknown}
 g - a scroll of magic mapping {unknown}
 h - a scroll of fear {unknown}
 i - a scroll of fog {unknown}
 j - 3 scrolls of remove curse {unknown}
 m - 2 scrolls of identify
 p - a scroll of amnesia {unknown}
Potions
 a - 5 potions of curing
 l - a potion of invisibility {unknown}
 o - a potion of lignification {unknown}


   Skills:
 + Level 1.9 Fighting
 + Level 2.5 Dodging
 + Level 2.7 Stealth
 + Level 2.7 Spellcasting
 * Level 5.1 Conjurations


You had 3 spell levels left.
You knew the following spells:

 Your Spells              Type           Power        Failure   Level
a - Magic Dart            Conj           88%          1%          1
b - Searing Ray           Conj           44%          3%          2
c - Dazzling Flash        Conj/Hex       24%          16%         3

Your spell library contained the following spells:

 Spells                   Type           Power        Failure   Level
 Fulminant Prism          Conj/Hex       6%           47%         4
 Iskenderun's Mystic Bla  Conj/Tloc      12%          47%         4


Dungeon Overview and Level Annotations

Branches:
Dungeon (4/15)             Temple (0/1) D:4

Altars:

Annotations:
D:4 Blork the orc


Innate Abilities, Weirdness & Mutations

Your plain brown scales are hard. (AC +5)
You cannot fit into any form of body armour.
You are cold-blooded and may be slowed by cold attacks.


Message History

Beogh smites you!
* * * LOW HITPOINT WARNING * * *
It was a potion of berserk rage.
A red film seems to cover your vision as you go berserk!
You feel yourself moving faster!
You feel mighty!
You barely miss the orc priest.
The orc priest is heavily wounded.
The orc priest hits you with a +0 flail.
* * * LOW HITPOINT WARNING * * *
You hit the orc priest.
The orc priest looks as sick as possible!
The orc priest is almost dead.
You kill the orc priest!
You barely miss the orc priest.
The orc priest hits you but does no damage.
You closely miss the orc priest. You barely miss the orc priest.
Your tail-slap misses the orc priest.
The orc priest mumbles some strange prayers to Beogh against you.
Pain shoots through your body!
You die...

### # ##### ..##.#
..). ..... #.###..#
#..@oo.# #.####.#
#.# ?? #.# ##
#.##################
#.#........>........
#.#.#######)########
#.#.# #.# ##.#.#
#.########


You could see an orc priest and an orc.

Vanquished Creatures
  An orc priest (D:3)
  A hound skeleton (D:4)
  5 adders
  An ooze (D:3)
  A worm (D:3)
  4 dart slugs
  3 leopard geckos
  9 orcs (D:3)
  5 bats
  2 giant cockroaches (D:1)
  4 goblins
  4 hobgoblins
  7 jackals (D:3)
  10 kobolds
  2 quokkas (D:2)
  A frilled lizard (D:1)
  7 rats
67 creatures vanquished.

Notes
Turn   | Place    | Note
-------+----------+-------------------------------------------
     0 | D:1      | runemasterragnar the Draconian Conjurer began the quest for
                  | the Orb.
     0 | D:1      | Reached XP level 1. HP: 14/14 MP: 3/3
   260 | D:2      | Reached XP level 2. HP: 19/22 MP: 5/5
   563 | D:2      | Reached XP level 3. HP: 20/27 MP: 6/6
   754 | D:2      | Reached skill level 1 in Fighting
  1229 | D:3      | Reached XP level 4. HP: 26/35 MP: 7/7
  1366 | D:3      | Learned a level 2 spell: Searing Ray
  1370 | D:3      | Learned a level 3 spell: Dazzling Flash
  1448 | D:4      | Found a staircase to the Ecumenical Temple.
  1448 | D:4      | Noticed Blork the orc
  2559 | D:3      | Reached skill level 5 in Conjurations
  2559 | D:3      | Reached XP level 5. HP: 23/41 MP: 8/8
  3259 | D:3      | Killed from afar by an orc priest

Illustrated notes

Levels and vault maps discovered:
D:1:      dpeg_arrival_fog, layout_basic, minmay_tetromino_o4
D:2:      layout_loops_ring
D:3:      layout_basic
D:4:      layout_gridville, temple_pool_b, makhleb_altar_promises_db,
          uniq_blork_the_orc

Skill      XL: |  1  2  3  4 |
---------------+-------------+-----
Dodging        | 2 |  2.5
Stealth        | 2 |  2.7
Fighting       | 1 |  1.9
Conjurations   | 5 |  5.1
Spellcasting   | |  2.7

Action                   |  1- 3 |  4- 6 || total
-------------------------+-------+-------++-------
Melee: Dagger            |    79 |   112 ||   191
       Tailslap          |     3 |     9 ||    12
 Cast: Magic Dart        |    15 |     8 ||    23
  Use: Scroll            |       |     1 ||     1
       Potion            |       |     1 ||     1
 Stab: Sleeping          |       |     5 ||     5
Armor: Skin              |    11 |    26 ||    37
Dodge: Dodged            |    52 |    60 ||   112

Table legend: (Time is in decaauts)
 A = Elapsed time spent in this place.
 B = Non-inter-level travel time spent in this place.
 C = Inter-level travel time spent in this place.
 D = Time resting spent in this place.
 E = Time spent auto-exploring this place.
 F = Levels seen in this place.
 G = Mean time per level.
                   A        B        C        D        E       F      G
               +--------+--------+--------+--------+--------+-----+--------+
         Total |   3259 |   3084 |    175 |    712 |   1874 |   4 |  814.8 |
       Dungeon |   3259 |   3084 |    175 |    712 |   1874 |   4 |  814.8 |
               +--------+--------+--------+--------+--------+-----+--------+

Top non-repeatable levels by time:
     D:3: 1433 daAuts
     D:2: 1099 daAuts
     D:1: 701 daAuts
     D:4: 24 daAuts
